General information
- name: BNet
- type: Ladder 1vs1/FFA
- host: Battle.net
- saver: bugaloo
map: TerenasStand
- players: 2
- length: 34:00
- speed: Fast
- version: 1.26 W3XP
- replay type: Public
» download(94 KB)
Players
team 1 (winner)
bugaloo (
yellow | 58 APM | 1957 actions | 34:00)
8 Blademaster
3 Wind Walk
3 Critical Strike
1 Bladestorm
1 Mirror Image
» actions
| Assign group hotkey | 47 | |
| Basic commands | 54 | |
| Build / train | 84 | |
| ESC pressed | 3 | |
| Enter build submenu | 54 | |
| Enter hero's abilities submenu | 8 | |
| Give item / drop item | 11 | |
| Right click | 835 | |
| Select / deselect | 301 | |
| Select group hotkey | 391 | |
| Use ability | 169 | |
1957 total
» units
| Peon | 12 | |
| Wind Rider | 5 | |
| Troll Batrider | 14 | |
| Goblin Shredder | 2 | |
| Goblin Sapper | 6 | |
39 total
» upgrades
| Ranged Weapons | 3 | |
| Liquid Fire | 1 | |
| Reinforced Defenses | 1 | |
| Spiked Barricades | 2 | |
7 total
» buildings
| Altar of Storms | 1 | |
| Orc Burrow | 5 | |
| Voodoo Lounge | 2 | |
| War Mill | 1 | |
| Stronghold | 2 | |
| Watch Tower | 31 | |
| Beastiary | 3 | |
| Great Hall | 2 | |
| Fortress | 1 | |
48 total
» build order
00:05 Altar of Storms
00:21 Orc Burrow
00:56 Voodoo Lounge
01:22 War Mill
02:24 Stronghold
02:24 Stronghold
02:57 Watch Tower
03:08 Watch Tower
03:26 Watch Tower
04:04 Orc Burrow
04:52 Beastiary
04:55 Beastiary
05:33 Orc Burrow
07:41 Watch Tower
07:41 Watch Tower
07:42 Watch Tower
08:15 Watch Tower
08:17 Watch Tower
08:19 Watch Tower
08:34 Watch Tower
08:35 Watch Tower
09:01 Great Hall
09:24 Orc Burrow
10:37 Voodoo Lounge
10:39 Orc Burrow
11:04 Fortress
13:20 Watch Tower
13:21 Watch Tower
13:22 Watch Tower
14:35 Watch Tower
15:04 Watch Tower
15:04 Watch Tower
16:38 Watch Tower
17:18 Beastiary
17:34 Watch Tower
17:36 Watch Tower
19:21 Watch Tower
19:22 Watch Tower
22:45 Watch Tower
22:46 Watch Tower
22:47 Watch Tower
22:48 Watch Tower
22:49 Watch Tower
23:05 Great Hall
24:10 Watch Tower
24:11 Watch Tower
24:12 Watch Tower
24:13 Watch Tower
» items
| Lesser Clarity Potion | 7 | |
| Healing Salve | 5 | |
| Boots of Speed | 1 | |
| Staff of Teleportation | 1 | |
| Potion of Healing | 4 | |
| Periapt of Vitality | 1 | |
| Potion of Lesser Invulnerability | 2 | |
| Orb of Lightning | 1 | |
| Tiny Great Hall | 1 | |
| Potion of Mana | 2 | |
25 total
team 2 (loser)

»
goben (
teal | 48 APM | 1616 actions | 33:57)
4 Warden
2 Shadow Strike
1 Blink
1 Fan of Knives
2 Keeper of the Grove
1 Entangling Roots
1 Force of Nature
» actions
| Assign group hotkey | 40 | |
| Basic commands | 106 | |
| Build / train | 65 | |
| Enter build submenu | 23 | |
| Enter hero's abilities submenu | 6 | |
| Give item / drop item | 1 | |
| Remove unit from queue | 1 | |
| Right click | 735 | |
| Select / deselect | 359 | |
| Select group hotkey | 202 | |
| Use ability | 78 | |
1616 total
» units
| Wisp | 16 | |
| Archer | 7 | |
| Huntress | 2 | |
| Druid of the Claw | 1 | |
| Forest Troll Shadow Priest | 1 | |
| Dryad | 4 | |
| Hippogryph | 16 | |
| Glaive Thrower | 4 | |
51 total
» upgrades
| Druid of the Claw Training | 1 | |
| Abolish Magic | 1 | |
| Druid of the Talon Training | 1 | |
3 total
» buildings
| Altar of Elders | 1 | |
| Moon Well | 11 | |
| Ancient of War | 2 | |
| Tree of Ages | 1 | |
| Hunter's Hall | 1 | |
| Tree of Eternity | 1 | |
| Ancient of Lore | 2 | |
| Tree of Life | 2 | |
| Ancient of Wind | 3 | |
24 total
» build order
00:14 Altar of Elders
00:20 Moon Well
00:43 Ancient of War
01:38 Moon Well
01:42 Moon Well
02:11 Moon Well
02:17 Moon Well
02:20 Moon Well
03:16 Moon Well
03:23 Moon Well
04:11 Tree of Ages
04:15 Hunter's Hall
05:35 Ancient of War
06:38 Tree of Eternity
06:43 Ancient of Lore
06:47 Ancient of Lore
07:36 Tree of Life
07:52 Moon Well
10:01 Ancient of Wind
11:34 Ancient of Wind
13:42 Moon Well
14:03 Moon Well
22:01 Tree of Life
22:37 Ancient of Wind
Chat log
(27:04 / All) goben: I must say you play like a little faggit
(27:09 / All) bugaloo: lol u so mad
(27:22 / All) goben: die!
(27:23 / All) bugaloo: the kid who cant beat one unit type
(27:27 / All) bugaloo: GRRR ANGER
(27:36 / All) bugaloo: cant kill one peon
(27:42 / All) goben: lolzaurs
(27:46 / All) bugaloo: pretend to laugh
(27:47 / All) bugaloo: while u rage
(28:04 / All) goben: as long as it makes you feel good about yourself
(28:10 / All) bugaloo: it does
(28:15 / All) bugaloo: im jerking it right now
(28:17 / All) goben: I am coo with you being a faggit
(28:21 / All) bugaloo: have been for the past 20 minutes
(28:27 / All) bugaloo: luckily, it only takes one hand to beat you
(28:30 / All) goben: I wouldnt doubt it
(28:43 / All) bugaloo: why are you so bad at this game
(28:48 / All) goben: thats why your playing dota right now
(28:55 / All) bugaloo: this isnt dota, kid
(28:58 / All) goben: I have a life outside of this
(29:00 / All) bugaloo: lol noob
(29:06 / All) goben: dota
(29:06 / All) bugaloo: you assume because i beat you, that i play it more than you
(29:08 / All) goben: faggit
(29:14 / All) goben: oh yeah
(29:16 / All) goben: of course
(29:18 / All) bugaloo: you fail to take into account that im just smarter
(29:21 / All) bugaloo: much, much smarter
(29:24 / All) goben: I looked at your stats nub nigger
(29:31 / All) goben: LOL
(29:33 / All) bugaloo: stalking me? wow you really take this too personally
(29:42 / All) bugaloo: so why are you still here anyway
(29:44 / All) bugaloo: its only a game :D
(29:53 / All) goben: I want to piss you off
(29:58 / All) goben: basically
(29:59 / All) bugaloo: but youre the one pissed off
(30:03 / All) goben: by wasting your time
(30:07 / All) bugaloo: ok so what youre saying
(30:12 / All) bugaloo: is that my time is more valuable than yours?
(30:17 / All) goben: you seem conserned
(30:25 / All) bugaloo: *concerned
(30:30 / All) bugaloo: how old are you
(30:35 / All) goben: hah
(30:38 / All) goben: I am 22
(30:52 / All) goben: obviously much much older than you
(30:59 / All) bugaloo: yet you can't spell or make a logical argument
(31:04 / All) bugaloo: enjoying that community college?
(31:11 / All) goben: hah
(31:15 / All) goben: I am in vet college
(31:16 / All) bugaloo: why are you so bad at this game
(31:29 / All) goben: because I spend my time doing other things
(31:34 / All) goben: like having a social life
(31:36 / All) goben: getting laid
(31:37 / All) bugaloo: yet weve played about the same amount
(31:39 / All) goben: getting a degree
(31:41 / All) goben: making money
(31:49 / All) bugaloo: and here you are taking this game seriously
(31:56 / All) goben: bra bra bra
(31:59 / All) goben: come catch me
(32:01 / All) bugaloo: trying to convince me how awesome your life is :)
(32:14 / All) bugaloo: youre not the first person to play the irl card btw
(32:19 / All) goben: dont be mad that I am actually smarter than you and you use this game as an illusion to fufill your fantasy
(32:26 / All) goben: BURD!
(32:28 / All) bugaloo: is that why you lost?
(32:38 / All) bugaloo: your incredible strategic mind?
(32:42 / All) goben: I dont really care that I lost bra
(32:46 / All) bugaloo: clearly you do
(32:54 / All) goben: nah bra
(33:07 / All) bugaloo: they always deny
(33:14 / All) bugaloo: wow that was easy
(33:17 / All) goben: you finally caught me bra
(33:19 / All) bugaloo: how can you lose a warden
(33:23 / All) goben: congrats
(33:30 / All) goben: bra
(33:32 / All) goben: bra
(33:35 / All) goben: congrats
(33:41 / All) bugaloo: you love to spam phrases you learn online
(33:48 / All) bugaloo: i noticed
(33:50 / All) goben: stay in school elemetary is a hard time
(33:54 / All) goben: peace out all
(33:56 / All) bugaloo: ragequit
(33:57 / All) bugaloo: incoming